 Dungeon Crawl Stone Soup version 0.17.1-3-g152610e (webtiles) character file.

5534 MrTails the Cleaver (level 10, -14/80 HPs)
             Began as a Demonspawn Berserker on Feb 22, 2016.
             Was a High Priest of Trog.
             Demolished by an orc warlord
             ... wielding a +0 battleaxe
              (17 damage)
             ... in a bailey.
             The game lasted 00:25:51 (7758 turns).

MrTails the Cleaver (Demonspawn Berserker)          Turns: 7758, Time: 00:25:51

Health: -14/80     AC: 17    Str: 20    XL:     10   Next: 43%
Magic:  0/10       EV:  9    Int:  9    God:    Trog [*****.]
Gold:   140        SH:  5    Dex: 12    Spells: 0 memorised, 9 levels left

rFire  + . .     SeeInvis .     A - +9 hand axe "Kaameuvo" {chop, rN+ Dex+2}
rCold  . . .     Clarity  .     k - +5 scale mail "Hyfiusept" {+Blink Regen+ Dex-3}
rNeg   + . .     SustAt   .     p - +0 buckler
rPois  .         Gourm    .     (helmet restricted)
rElec  .         Spirit   +     B - +0 cloak
rCorr  .         Warding  .     (no gloves)
rMut   .         Stasis   .     (no boots)
MR     .....                    F - amulet of regeneration
Stlth  ..........               v - ring of fire
                                g - ring of protection from cold

@: exhausted, about to teleport, slowed, very slow, not resistant to hostile
enchantments, extremely unstealthy
A: antennae 2, molten scales 2, magic shield, magic regeneration
a: Berserk, Trog's Hand, Brothers in Arms, Burn Spellbooks, Renounce Religion,
Evoke Blink


You were in a bailey.
You worshipped Trog.
Trog was extremely pleased with you.
You were very hungry.

You visited 1 branch of the dungeon, and saw 8 of its levels.
You also visited: Bailey.

You collected 296 gold pieces.
You spent 156 gold pieces at shops.

Inventory:

Hand Weapons
 a - a +0 hand axe
 r - a +1 mace of crushing
 y - a +1 whip of electrocution
 A - the +9 hand axe "Kaameuvo" (weapon) {chop, rN+ Dex+2}
   (You found it on level 6 of the Dungeon)

   It inflicts extra damage upon your enemies.
   It affects your dexterity (+2).
   It protects you from negative energy.
 D - the +3 hand axe of Defiance {elec, rPois}
   (You found it on level 4 of the Dungeon)

   Occasionally, upon striking a foe, it will discharge some electrical energy
   and cause terrible harm.
   It protects you from poison.
 J - a +4 broad axe of draining
Armour
 b - a +1 chain mail
 k - the +5 scale mail "Hyfiusept" (worn) {+Blink Regen+ Dex-3}
   (You found it on level 7 of the Dungeon)

   It affects your dexterity (-3).
   It lets you blink.
   It increases your rate of regeneration.
 p - a +0 buckler (worn)
 B - a +0 cloak (worn)
Jewellery
 g - a ring of protection from cold (left hand)
 v - a ring of fire (right hand)
 E - a -3 ring of protection
 F - an amulet of regeneration (around neck)
Wands
 s - a wand of teleportation (5)
 x - a wand of paralysis (9)
Scrolls
 e - a scroll of identify
 j - a scroll of blinking
 o - 2 scrolls of enchant armour
 t - 2 scrolls of enchant weapon
 C - a scroll of fear {unknown}
 G - a scroll of immolation {unknown}
Potions
 d - a potion of lignification
 h - a potion of cure mutation {unknown}
 i - 3 potions of heal wounds
 l - 3 potions of haste {unknown}
 m - 4 potions of agility {unknown}
 n - 6 potions of curing
 u - 3 potions of cancellation {unknown}
 z - a potion of beneficial mutation {unknown}
Comestibles
 c - 6 bread rations
 f - 7 beef jerkies
 q - 2 royal jellies
 H - a slice of pizza
 I - 2 chunks of flesh


   Skills:
 + Level 7.8 Fighting
 * Level 9.7 Axes
 + Level 6.6 Armour
 - Level 1.7 Dodging
 + Level 5.8 Shields


You had 9 spell levels left.
You didn't know any spells.

Dungeon Overview and Level Annotations

Branches:
Dungeon (8/15)             Temple (0/1) D:7            Lair (0/8) D:8

Altars:
Dithmenos
Elyvilon
Gozag
Makhleb
Nemelex Xobeh
Okawaru
Ru
Xom
The Shining One

Shops:
D:5 !


Innate Abilities, Weirdness & Mutations

You have a pair of antennae on your head.
You are mostly covered in molten scales (AC +3, EV -1).
When hurt, damage is shared between your health and your magic reserves.
You regenerate magic rapidly.


Message History

You barely miss the orc warlord.
The orc warlord is lightly wounded.
The orc warlord hits you with a battleaxe!!
You are feeling very hungry.
You slash the orc warrior!
The orc warrior is severely wounded.
You slash the orc warlord!
The orc warlord is moderately wounded.
The orc warrior closely misses you.
The orc warlord roars a battlecry!
The orc goes into a battle-frenzy!
The orc warlord hits you with a battleaxe!!
* * * LOW HITPOINT WARNING * * *
You hear a shout!
As you read the scroll of teleportation, it crumbles to dust.
You feel strangely unstable.
The orc warrior hits you with a war axe!
* * * LOW HITPOINT WARNING * * *
The orc warlord hits you with a battleaxe!
You die...

. .. ... ....
####### ....⌠.
##.....##o.....
#......@og.....
##.....)o##.....
#.........# o..
##.........## 8
#.....⌠.....#
##.........##
#.........#
##.......##
#.......#


You could see an orc warlord, 3 orc warriors and a goblin.

Vanquished Creatures
  An orc knight (Bailey)
  Pikel (D:7)
  A fire drake (D:8)
  Menkaure (D:7)
  Duvessa (D:7)
  A sky beast (D:5)
  6 ogres
  A wasp (D:6)
  A water moccasin (D:6)
  10 orc warriors
  3 phantoms
  A slave (D:7)
  3 centaurs (D:7)
  An ice beast (D:8)
  A big kobold (D:5)
  A giant frog (D:7)
  A wyvern zombie (D:6)
  Dowan (D:7)
  3 scorpions
  3 wights (D:7)
  5 crimson imps
  A giant frog zombie (D:5)
  3 hounds
  3 jellies
  5 orc wizards
  5 orc priests
  A gnoll shaman (D:5)
  2 iguanas (D:5)
  A killer bee zombie (D:7)
  5 worker ants
  A hound zombie (D:6)
  A hound skeleton (D:7)
  5 adders
  21 gnolls
  3 shadow imps
  2 oozes
  A worm (D:3)
  3 giant geckos
  36 orcs
  3 ball pythons
  6 bats
  3 giant cockroaches
  19 hobgoblins
  2 quokkas
  7 giant newts
  17 goblins
  9 jackals
  14 kobolds
  A quokka zombie (D:7)
  7 rats
  2 butterflies (D:3)
236 creatures vanquished.

Notes
Turn   | Place    | Note
--------------------------------------------------------------
     0 | D:1      | MrTails the Demonspawn Berserker began the quest for the Orb.
     0 | D:1      | Reached XP level 1. HP: 18/18 MP: 1/1
   151 | D:1      | Gained mutation: When hurt, damage is shared between your health and your magic reserves. [demonic ancestry]
   151 | D:1      | Reached XP level 2. HP: 9/24 MP: 2/2
  1072 | D:1      | Gained mutation: You are partially covered in molten scales (AC +1). [demonic ancestry]
  1072 | D:1      | Reached XP level 3. HP: 4/29 MP: 0/3
  1428 | D:2      | Reached ** piety under Trog
  1635 | D:2      | Gained mutation: You have a pair of small antennae on your head. [demonic ancestry]
  1635 | D:2      | Reached XP level 4. HP: 21/35 MP: 1/4
  2278 | D:3      | Found a shimmering altar of Xom.
  2355 | D:3      | Found a burning altar of Makhleb.
  2607 | D:3      | Found a sacrificial altar of Ru.
  2608 | D:3      | Found a white marble altar of Elyvilon.
  2756 | D:3      | Reached skill level 4 in Fighting
  2756 | D:3      | Gained mutation: You are mostly covered in molten scales (AC +3, EV -1). [demonic ancestry]
  2756 | D:3      | Reached XP level 5. HP: 40/42 MP: 2/5
  2758 | D:3      | Reached *** piety under Trog
  3112 | D:4      | Found a shadowy altar of Dithmenos.
  3328 | D:4      | Reached skill level 1 in Shields
  3603 | D:4      | Found a sparkling altar of Nemelex Xobeh.
  3884 | D:4      | Got a crystal hand axe
  3885 | D:4      | Identified the +3 hand axe of Defiance {elec, rPois} (You found it on level 4 of the Dungeon)
  3886 | D:4      | Noticed an ogre
  3892 | D:4      | Reached XP level 6. HP: 49/49 MP: 6/6
  3894 | D:4      | Killed an ogre
  3947 | D:4      | Found a glowing golden altar of the Shining One.
  3952 | D:4      | Noticed a phantom
  3966 | D:4      | Killed a phantom
  3966 | D:4      | Reached skill level 5 in Axes
  4144 | D:4      | Noticed an ogre
  4149 | D:4      | Killed an ogre
  4149 | D:4      | Reached XP level 7. HP: 49/55 MP: 7/7
  4262 | D:5      | Entered Level 5 of the Dungeon
  4412 | D:5      | Reached skill level 5 in Fighting
  4749 | D:5      | Reached skill level 6 in Axes
  4831 | D:5      | Gained mutation: You have a pair of antennae on your head. [demonic ancestry]
  4831 | D:5      | Reached XP level 8. HP: 55/63 MP: 6/8
  4843 | D:5      | Reached **** piety under Trog
  4929 | D:5      | Found a shadowy altar of Dithmenos.
  4998 | D:5      | Found Kydeul's Distillery.
  5003 | D:5      | Bought a potion of heal wounds for 60 gold pieces
  5003 | D:5      | Bought a potion of curing for 36 gold pieces
  5003 | D:5      | Bought a potion of heal wounds for 60 gold pieces
  5425 | D:6      | Found an iron altar of Okawaru.
  5515 | D:6      | Got a dazzling hand axe
  5928 | D:6      | Found a burning altar of Makhleb.
  5943 | D:6      | Reached skill level 7 in Axes
  6113 | D:6      | Reached skill level 5 in Armour
  6124 | D:6      | Identified the +9 hand axe "Kaameuvo" {chop, rN+ Dex+2} (You found it on level 6 of the Dungeon)
  6471 | D:6      | Gained mutation: You regenerate magic rapidly. [demonic ancestry]
  6471 | D:6      | Reached XP level 9. HP: 70/70 MP: 9/9
  6671 | D:7      | Noticed Duvessa
  6676 | D:7      | Noticed Dowan
  6683 | D:7      | Killed Duvessa
  6687 | D:7      | Killed Dowan
  6692 | D:7      | Reached skill level 8 in Axes
  6795 | D:7      | Found a staircase to the Ecumenical Temple.
  6799 | D:7      | Got a shimmering scale mail
  6812 | D:7      | Identified the +5 scale mail "Hyfiusept" {+Blink Regen+ Dex-3} (You found it on level 7 of the Dungeon)
  7028 | D:7      | Noticed Menkaure
  7029 | D:7      | Noticed Pikel
  7032 | D:7      | Killed Menkaure
  7046 | D:7      | Killed Pikel
  7046 | D:7      | Reached skill level 5 in Shields
  7075 | D:7      | Reached ***** piety under Trog
  7235 | D:7      | Reached skill level 9 in Axes
  7330 | D:7      | Reached XP level 10. HP: 79/79 MP: 10/10
  7467 | D:8      | Found a staircase to the Lair.
  7557 | D:8      | Found a flagged portal.
  7567 | D:8      | Found an opulent altar of Gozag.
  7605 | Bailey   | Entered a bailey
  7702 | Bailey   | Received a gift from Trog
  7722 | Bailey   | Noticed an orc knight
  7739 | Bailey   | Killed an orc knight
  7747 | Bailey   | Noticed an orc warlord
  7758 | Bailey   | HP: 3/80 [orc warrior/war axe (15)]
  7758 | Bailey   | Demolished by an orc warlord

Action                   |  1- 3 |  4- 6 |  7- 9 | 10-12 || total
-------------------------+-------+-------+-------+-------++-------
Melee: Hand axe          |    97 |   185 |   369 |   109 ||   760
Invok: Berserk           |     3 |     4 |     4 |     1 ||    12
       Trog's Hand       |       |     1 |     1 |       ||     2
       Burn Spellbooks   |       |       |     1 |       ||     1
 Abil: Evoke Blink       |       |       |    10 |       ||    10
  Use: Scroll            |       |       |    11 |     2 ||    13
 Stab: Sleeping          |     1 |       |       |       ||     1
  Eat: Chunk             |     4 |    11 |    15 |     2 ||    32
       Pizza             |       |     2 |       |       ||     2
